 Dungeon Crawl Stone Soup version 0.21-a0-633-g4c047d5 (webtiles) character file.

222 Alarkh the Magician (level 5, -1/31 HPs)
             Began as an Octopode Wizard on Dec 28, 2017.
             Slain by an ooze (5 damage)
             ... in a sewer.
             The game lasted 00:06:40 (3376 turns).

Alarkh the Magician (Octopode Wizard)               Turns: 3376, Time: 00:06:41

Health: -1/31      AC:  1    Str:  6    XL:     5   Next: 99%
Magic:  12/12      EV: 10    Int: 21    God:
Gold:   137        SH:  0    Dex: 11    Spells: 4/13 levels left

rFire    . . .     SeeInvis .   g - +1 whip
rCold    . . .     Gourm    .   (no shield)
rNeg     . . .     Faith    .   a - +0 hat
rPois    +         Spirit   .   (no amulet)
rElec    .         Reflect  .   n - ring of poison resistance
rCorr    .         Harm     .   (no ring)
MR       .....                  (no ring)
Stlth    +++.......             (no ring)
HPRegen  0.10/turn              (no ring)
MPRegen  0.13/turn              (no ring)
                                (no ring)
                                (no ring)

@: constricted
A: almost no armour, stealthy swim, amphibious, 8 rings, constrict 8, camouflage
1, gelatinous body 1
a: no special abilities


You were in a sewer.
You were hungry.

You visited 1 branch of the dungeon, and saw 3 of its levels.
You also visited: Sewer.

You collected 137 gold pieces.

Inventory:

Hand Weapons
 g - a +1 whip (weapon)
Armour
 a - a +0 hat (worn)
Jewellery
 n - a ring of poison resistance (left tentacle)
 o - an uncursed ring of fire
Wands
 f - a wand of iceblast (8)
Scrolls
 d - a scroll of enchant weapon
 e - 2 scrolls of remove curse {unknown}
 h - a scroll of random uselessness {unknown}
 j - a scroll of fear {unknown}
 l - 4 scrolls of amnesia
 r - a scroll of enchant armour {unknown}
 s - a scroll of fog {unknown}
 t - a scroll of magic mapping {unknown}
Potions
 i - a potion of agility {unknown}
 k - a potion of degeneration {unknown}
 m - a potion of might
Books
 b - a book of Minor Magic

   Spells                             Type                      Level
   a - Magic Dart                     Conjuration                  1
   b - Blink                          Translocation                2
   c - Call Imp                       Summoning                    2
   d - Slow                           Hexes                        2
   e - Conjure Flame                  Conjuration/Fire             3
   f - Mephitic Cloud                 Conjuration/Poison/Air       3
Comestibles
 c - 4 rations
 p - 9 chunks of flesh


   Skills:
 - Level 2.0 Dodging
 - Level 2.6 Stealth
 + Level 4.7 Spellcasting
 + Level 4.0 Conjurations
   Level 1.0 Summonings
 - Level 1.0 Translocations


You had 4 spell levels left.
You knew the following spells:

 Your Spells              Type           Power        Failure   Level  Hunger
a - Magic Dart            Conj           ###.         1%          1    None
b - Blink                 Tloc           N/A          11%         2    #......
e - Conjure Flame         Conj/Fire      ##......     14%         3    ##.....
r - Mephitic Cloud        Conj/Pois/Air  ##......     19%         3    ##.....


Dungeon Overview and Level Annotations

Branches:
Dungeon (3/15)

Altars:
Cheibriados
Fedhas


Innate Abilities, Weirdness & Mutations

You cannot wear most types of armour.
You are very stealthy in the water. (Stealth+)
You are amphibious.
You can wear up to eight rings at the same time.
You can use your tentacles to constrict eight enemies at once.
Your skin changes colour to match your surroundings (Stealth+).
Your rubbery body absorbs attacks. (AC +1, EV +1)


Message History

You closely miss the ball python. Your grab misses the ball python.
The ball python barely misses you. The ball python closely misses you.
The ooze hits you. The ball python closely misses you.
The ball python barely misses you. x2; The ball python completely misses you.
The ooze closely misses you.
You hit the ball python. Your grab misses the ball python.
The ball python is severely wounded.
The ball python closely misses you. The ball python barely misses you.
The ball python completely misses you. The ball python misses you.
The ooze splashes around in the water.
You closely miss the ball python. Your grab misses the ball python.
The ball python bites you. The ball python grabs you.
The ball python constricts you. The ball python bites you. The ooze hits you.
* * * LOW HITPOINT WARNING * * *
The ball python barely misses you. The ball python constricts you.
It was a potion of cancellation.
You feel magically purged. The ball python misses you.
The ball python closely misses you.
* * * LOW HITPOINT WARNING * * *
The ball python constricts you. The ooze hits you.
You die...

≈≈≈#
#.≈#
#≈≈#
#≈≈#
#.≈#
#≈l#
#JS#
#S@#
#≈≈#
##≈≈#
#≈≈≈#
#≈.##
#
##≈≈#
#
#≈≈≈#
##
##..##
÷##
##÷≈.#


You could see an ooze, a leopard gecko and 2 ball pythons.

Vanquished Creatures
  A worker ant (D:3)
  8 adders
  A gnoll (D:1)
  2 river rats (D:3)
  2 oozes (Sewer)
  A worm (D:3)
  3 leopard geckos (Sewer)
  3 orcs (D:3)
  4 ball pythons
  3 bats
  10 giant cockroaches
  6 goblins
  6 hobgoblins
  6 jackals (D:1)
  6 kobolds
  3 quokkas
  14 frilled lizards
  4 rats
83 creatures vanquished.

Notes
Turn   | Place    | Note
-------+----------+-------------------------------------------
     0 | D:1      | Alarkh the Octopode Wizard began the quest for the Orb.
     0 | D:1      | Reached XP level 1. HP: 11/11 MP: 4/4
    83 | D:1      | Reached XP level 2. HP: 17/17 MP: 0/6
   565 | D:1      | Reached XP level 3. HP: 13/21 MP: 0/7
   794 | D:1      | Learned a level 2 spell: Blink
   798 | D:1      | Learned a level 3 spell: Conjure Flame
   802 | D:1      | Learned a level 3 spell: Mephitic Cloud
  1602 | D:2      | Reached XP level 4. HP: 27/27 MP: 6/9
  2136 | D:2      | Found a snail-covered altar of Cheibriados.
  2486 | D:3      | Found a blossoming altar of Fedhas.
  2639 | D:3      | Reached XP level 5. HP: 31/31 MP: 4/11
  2728 | D:3      | Found a glowing drain.
  2890 | Sewer    | Entered a sewer
  3376 | Sewer    | Slain by an ooze

Vault maps used:
D:1:      lightli_arrival_statue_moat
D:2:      lemuel_crystal_altar
D:3:      tgw_fedhas, dancing_weapons_uskayaw, lightli_sewer_entry_pipes,
          kennysheep_slug_shrine, uniq_terence
Sewer:    sewer_frog_island_02

Skill      XL: |  1  2  3  4  5 |
---------------+----------------+-----
Conjurations   | 2 3 4 |  4.0
Spellcasting   | 4 |  4.7
Dodging        | |  2.0
Stealth        | |  2.6
Summonings     | |  1.0
Translocations | |  1.0

Action                   |  1- 3 |  4- 6 || total
-------------------------+-------+-------++-------
Melee: Constrict         |    10 |    23 ||    33
       Unarmed           |     2 |       ||     2
       Tentacles         |     4 |    10 ||    14
       Whip              |    24 |    81 ||   105
 Cast: Magic Dart        |    45 |    78 ||   123
  Use: Scroll            |     2 |       ||     2
       Potion            |       |     2 ||     2
 Stab: Sleeping          |     2 |     4 ||     6
  Eat: Chunk             |     2 |     5 ||     7
Armor: Skin              |     6 |    10 ||    16
Dodge: Dodged            |    28 |    93 ||   121

Table legend:
 A = Spawn XP
 B = Non-spawn XP
 C = Spawn XP percentage of total XP
 D = Spawn monster count
 E = Non-spawn monster count
 F = Spawn count percentage of total count
 G = Total turns spent on level
                    A         B        C        D         E        F      G
               +---------+---------+-------+---------+---------+-------+---------
         Total |       0 |     318 |   0.0 |       0 |      83 |   0.0 |  3376
               +---------+---------+-------+---------+---------+-------+---------
           D:1 |       0 |      49 |   0.0 |       0 |      19 |   0.0 |  1396
           D:2 |       0 |      68 |   0.0 |       0 |      14 |   0.0 |   938
           D:3 |       0 |     117 |   0.0 |       0 |      21 |   0.0 |   556
         Sewer |       0 |      84 |   0.0 |       0 |      29 |   0.0 |   486
               +---------+---------+-------+---------+---------+-------+---------
